AoeStats
← Karakondzulazx

Arabia

503816640Analyzed
1v1 RM · 2mo ago on Sep 2, 2026· 35m 5s· 2 players
Game mode
Random Map
Map size
Tiny (2 player)
Population
200
Speed
Normal
Resources
Standard
Victory
Conquest
Starting age
Dark Age
Ending age
Imperial Age
RankedLock teamsTeams togetherTeam positionsShared explorationLock speedFull tech treeHidden civsTurbo modeCheats
Victory
Defeat
🇭🇷 Bulgarians · Croatia
813
+17
vs
🇪🇸 Britons · Spain
834
-17
Karakondzulazx
5:40 Loom
13:11 Feudal Age
14:57 Horse Collar
15:47 Scale Mail Armor
16:01 Forging
15:52 Scale Mail Armor
16:05 Forging
16:44 Arson
22:05 Stone Mining
22:02 Double-Bit Axe
22:10 Gold Mining
26:38 Scale Barding Armor
30:28 Castle Age
28:57 Fletching
31:42 Bloodlines
32:28 Iron Casting
32:10 Chain Mail Armor
32:16 Chain Barding Armor
31:41 Light Cavalry
32:23 Husbandry
32:39 Gambesons
33:07 Bow Saw
N4ZGUL
0:34 Loom
17:57 Feudal Age
17:58 Man-at-Arms
20:45 Wheelbarrow
19:57 Double-Bit Axe
20:23 Horse Collar
24:29 Gold Mining
31:53 Castle Age
30:28 Stone Mining
31:52 Forging
32:42 Long Swordsman
32:51 Crossbowman
33:59 Scale Mail Armor
Connection lost

Rejoining the realm…

Still unreachable

The connection could not be restored.

Session expired

The server has moved on; the page needs a fresh start.